[Event "Gibraltar Challengers A 2020"]
[Site "Caleta"]
[Date "2020.01.23"]
[Round "4.37"]
[White "Kaplan, Amiram"]
[Black "Lafour, Jephte"]
[Result "1-0"]
[ECO "B01"]
[WhiteElo "1880"]
[BlackElo "1690"]
[Annotator "NA"]
[PlyCount "113"]
[EventDate "2020.01.20"]
[EventType "swiss"]
[EventCountry "GGB"]
[SourceTitle "playchess.com"]
[Source "ChessBase"]
[SourceQuality "1"]
[TimeControl "6600+10"]

1. e4 d5 2. exd5 Qxd5 3. Nc3 Qd6 4. d4 c6 5. h3 Nf6 6. Nf3 {[%emt 0:00:36] B01: Scandinavian Defence} Bf5 (6... g6 7. Ne5 Nbd7 8. Nc4 Qc7 9. Be2 Bg7 10. O-O b5 11. Nd2 O-O 12. Bf3 Bb7 13. Nde4 Rad8 {½-½ (50) Vachier Lagrave,M (2780)-Carlsen,M (2872) Moscow 2019}) 7. Bd3 Bxd3 8. Qxd3 e6 9. O-O Be7 10. Ne2 O-O 11. Bf4 Qd8 12. Rad1 Nbd7 13. c4 $146 ({Predecessor:} 13. Rfe1 Re8 {1-0 (27) Deissenberger,T (1923)-Klueber,W (1660) Bayern 2016}) 13... Qa5 14. Bd2 Bb4 15. Be3 Be7 16. a3 Rfd8 17. b4 Qc7 18. Qc2 e5 19. Rfe1 a5 20. dxe5 Nxe5 21. Rxd8+ Bxd8 22. Nfd4 Ng6 23. Nc3 ({White should play} 23. Nf5 $14) 23... axb4 24. axb4 h6 25. Qd2 Be7 26. c5 Rd8 27. Qc2 Bf8 28. Nf5 Nd5 29. Nxd5 Rxd5 30. g4 Ne5 31. Kg2 ({White should play} 31. Qe4 $11) 31... Qd7 32. Ra1 ({Better is} 32. Nd4 $11) 32... Nd3 (32... g6 $15 33. Ng3 Rd3) 33. Qc4 (33. Qc3 $5 ) 33... Ne5 (33... g6 $5 34. Nh4 Ne5 $11) 34. Qe4 Ng6 (34... Qd8 $11) 35. Ra8 Re5 36. Qc4 (36. Qd4 $16 Qe6 37. Nxg7 Kxg7 38. f4 {[%mdl 64] Pin}) 36... Re8 37. Rxe8 Qxe8 38. Qd4 Qe6 39. Nd6 Bxd6 40. cxd6 Ne5 41. Bf4 Nd7 42. Qc3 f6 43. b5 Qd5+ 44. Kg3 (44. Kg1 $15) 44... Qxb5 45. Qe3 Ne5 $2 (45... Nf8 $15 46. Qe8 Qb3+ 47. Kh2 Qd5) 46. Bxe5 fxe5 47. Qd2 Qb6 48. d7 Qd8 49. Qd6 Kf7 50. Kf3 c5 51. Ke4 c4 52. Kxe5 Qe7+ 53. Kd5 c3 54. d8=Q Qxd8 55. Qxd8 c2 56. Qc7+ Kg6 57. Qxc2+ 1-0

[Event "Gibraltar Challengers A 2020"]
[Site "Caleta"]
[Date "2020.01.24"]
[Round "5.13"]
[White "Ungureanu, Sandu"]
[Black "Hari Charan Sai Kalluri"]
[Result "0-1"]
[ECO "D13"]
[WhiteElo "2066"]
[BlackElo "1836"]
[Annotator "NA RC"]
[PlyCount "136"]
[EventDate "2020.01.20"]
[EventType "swiss"]
[EventCountry "GGB"]
[SourceTitle "playchess.com"]
[Source "ChessBase"]
[SourceQuality "1"]
[TimeControl "6600+10"]

1. g3 d5 2. c4 c6 3. cxd5 cxd5 4. Bg2 Nc6 5. d4 Nf6 6. Nf3 e6 7. O-O {[%emt 0:00:09] D13: Slav Defence: Exchange variation without ...Bf5} Be7 8. Bg5 Ne4 $146 ({Predecessor:} 8... Qb6 9. b3 Bd7 10. Nc3 Ne4 11. Na4 Qa5 12. Bxe7 Kxe7 13. a3 b6 14. Qd3 Rac8 15. Rfc1 {0-1 (71) Azmaiparashvili,Z (2673)-Bareev,E (2702) Shenyang 2000}) 9. Bxe7 Qxe7 10. a3 O-O 11. Nbd2 f5 12. e3 Qd6 13. b4 a6 14. Qb3 Bd7 15. Qb2 Rac8 16. Rac1 h6 17. Rc2 g5 18. Rfc1 g4 19. Nxe4 fxe4 20. Nd2 h5 21. Nb3 b6 22. Bf1 a5 23. Ba6 $2 (23. bxa5 $16 {and life is bright.} Nxa5 24. Rxc8 Bxc8 25. Nxa5 bxa5 26. Rc5) 23... Rb8 24. b5 Ne7 25. Rc7 Nf5 26. Ra7 Rf7 27. Rcc7 h4 28. Nc5 $1 Rd8 29. Nxd7 hxg3 30. hxg3 Rfxd7 31. Rxd7 Rxd7 32. Rxd7 Qxd7 33. Qe2 Nh6 34. Qc2 Nf5 35. Qc6 Qd6 36. a4 Kf7 37. Kg2 Qb4 38. Qc7+ Kg6 39. Qf4 Qxa4 40. Qxg4+ Kf6 41. Qf4 Qd1 42. Qe5+ Ke7 43. Qc7+ Kf8 44. Qd8+ Kf7 45. Qh8 Qf3+ 46. Kg1 a4 47. Bc8 Ng7 48. Qd8 Qd1+ 49. Kg2 a3 50. Qxb6 Qf3+ 51. Kg1 Qd1+ 52. Kh2 Qc2 $2 (52... Qf1 $19 {is more deadly.} 53. Qc7+ {[#]} Kg6 $1 ) 53. Qa7+ {[%emt 0:00:42] [#]} Kg6 $1 54. Qxa3 Qxf2+ 55. Kh3 Qf1+ 56. Kh2 Qe2+ 57. Kg1 {[%emt 0:00:03] [#]} Qd1+ $19 (57... Nf5 $142 $1 58. Bxe6 Qe1+ {[%mdl 64] Double Attack} 59. Kg2 Nxe3+ 60. Qxe3 Qxe3 61. b6 Qxd4 62. Kh3 Qxb6 63. Bxd5 Kg5 64. Kg2 Kg4 65. Be6+ Qxe6 66. Kf2 e3+ 67. Ke2 Qe4 68. Kd1 Qc4 69. Ke1 Qa2 70. Kf1 Qf2#) 58. Kg2 Qc2+ 59. Kg1 Qxc8 60. Qc5 Qb8 61. b6 Qxg3+ {[%emt 0:00:08] Double Attack} 62. Kf1 Qf3+ 63. Ke1 Qxe3+ 64. Kd1 Qd3+ 65. Kc1 e3 66. Qc2 Qxc2+ 67. Kxc2 Nf5 68. Kd3 Nd6 0-1

[Event "Gibraltar Challengers A 2020"]
[Site "Caleta"]
[Date "2020.01.24"]
[Round "5.18"]
[White "Vila Dupla, Aurelio"]
[Black "Herzwurm, Robert"]
[Result "1-0"]
[ECO "E65"]
[WhiteElo "2092"]
[BlackElo "1979"]
[Annotator "NA RC"]
[PlyCount "139"]
[EventDate "2020.01.20"]
[EventType "swiss"]
[EventCountry "GGB"]
[SourceTitle "playchess.com"]
[Source "ChessBase"]
[SourceQuality "1"]
[TimeControl "6600+10"]

1. Nf3 Nf6 2. c4 g6 3. g3 Bg7 4. Bg2 O-O 5. O-O d6 6. d4 c5 7. Nc3 Nc6 8. e3 Bd7 9. Re1 {[%emt 0:06:41] E65: King's Indian: Fianchetto: 6...c5 7 0-0 without d5 by White} (9. b3 cxd4 10. exd4 a6 11. a4 Rc8 12. Re1 d5 13. c5 Bg4 14. h3 Bxf3 15. Bxf3 e6 16. Rb1 Nxd4 17. Qxd4 {1-0 (48) Nepomniachtchi,I (2721)-Wang,H (2735) Beijing 2013}) 9... Rb8 10. h3 $146 ({Predecessor:} 10. b3 Qc8 11. Bb2 Bh3 12. Bh1 a6 13. a4 b6 14. Ne2 Nb4 15. Bc3 Ne4 16. Bxb4 cxb4 {0-1 (74) Sultana,Z (1964)-Comas Colon,R (1762) Tromsoe 2014}) 10... a6 11. Qe2 Re8 12. Rd1 Qc8 13. Kh2 Na5 14. Bf1 b5 15. cxb5 axb5 16. dxc5 Qxc5 17. e4 b4 18. Nd5 Bb5 19. Qe1 Bxf1 20. Nxf6+ Bxf6 21. Qxf1 Qc2 22. Re1 Rec8 23. e5 dxe5 24. Nxe5 Qf5 ({Better is} 24... Ra8 $15 25. Re2 Qa4) 25. Ng4 Bg7 (25... Qd5 $11 {remains equal.}) 26. Bf4 Rb6 $2 {[%emt 0:05:34] [#]} (26... Ra8 $1 $11) 27. Rxe7 $2 ({White must play} 27. Re5 $1 $18 Bxe5 28. Nh6+ {[%mdl 64] Double Attack} Kf8 29. Nxf5 Bxf4 30. gxf4) 27... Nc6 28. Re2 ({White should play} 28. Rc7 $14 Rxc7 29. Bxc7) 28... Nd4 29. Be3 $1 Nf3+ 30. Kh1 Re6 31. Rd1 Qe4 32. Qg2 h5 33. Nh2 Nxh2 34. Qxe4 Rxe4 35. Kxh2 Bh6 36. Rd4 Rce8 37. Rxe4 Rxe4 38. Kg2 b3 39. a4 ({Better is} 39. axb3 $16 Bg7 40. Rd2) 39... Bg7 $1 40. a5 Ra4 $1 41. Bb6 Ra2 $1 42. Re3 Rxb2 43. a6 Ra2 44. a7 b2 45. Rb3 g5 46. Bc5 Ra4 47. Kf3 Kh7 48. g4 hxg4+ 49. hxg4 Kg6 50. Ke2 Ra2 51. Kd3 Ra1 52. Rb6+ Kh7 53. Rb4 Kg6 54. Be3 Ra3+ 55. Kc2 Rc3+ 56. Kd2 Ra3 57. Rb6+ Kh7 58. Rb7 Kg6 59. Rb6+ $2 (59. Kc2 $18) 59... Kh7 60. Rb5 Kg6 61. Rxg5+ Kh7 62. Rb5 Bc3+ 63. Kc2 Bg7 64. Rb7 $18 Ra1 65. f4 Ra3 66. Bd2 Bd4 67. Rxf7+ Kg8 68. Rb7 Bxa7 69. Kxb2 Rg3 70. Rxa7 1-0

[Event "Gibraltar Challengers A 2020"]
[Site "Caleta"]
[Date "2020.01.24"]
[Round "5.19"]
[White "Stolniceanu, Victor-Dumitru"]
[Black "Gostelow, David W"]
[Result "0-1"]
[ECO "B31"]
[WhiteElo "2074"]
[BlackElo "1901"]
[Annotator "NA RC"]
[PlyCount "96"]
[EventDate "2020.01.20"]
[EventType "swiss"]
[EventCountry "GGB"]
[SourceTitle "playchess.com"]
[Source "ChessBase"]
[SourceQuality "1"]
[TimeControl "6600+10"]

1. e4 c5 2. Nf3 Nc6 3. Bb5 g6 4. O-O Bg7 5. Bxc6 dxc6 6. d3 Bg4 7. Nbd2 Qc7 8. h3 h5 9. Re1 Bd7 10. Rb1 (10. e5 $16) 10... Nh6 (10... e5 $14) 11. b3 O-O-O 12. Bb2 ({Better is} 12. Nc4 $16) 12... Bxb2 13. Rxb2 g5 14. Nxg5 Qe5 15. Nxf7 Nxf7 16. Nc4 Qg7 17. e5 Bxh3 18. Qf3 Bg4 19. Qe3 Rd5 20. f4 Rg8 21. c3 Bf5 22. Rd1 Qg3 23. Rbd2 b5 24. Qxg3 Rxg3 25. Nb2 h4 26. Kf2 Nh6 27. Rh1 Ng4+ 28. Kg1 Bxd3 29. Rxh4 {[%emt 0:00:31] [#]} Be4 $1 30. Re2 Bf3 31. Rf2 Nxf2 32. Kxf2 Rxg2+ 33. Kxf3 Rxb2 34. Ke4 Rxa2 35. Kf5 Kd7 36. Rh8 Ra3 37. Rb8 Rxb3 38. Rb7+ Kd8 39. Ke6 Rxc3 40. Rxe7 Rf3 41. Rf7 c4 42. Kf5 Rd4 43. Kg4 Rdxf4+ 44. Rxf4 Rxf4+ 45. Kxf4 Ke7 46. Ke4 c3 47. Kd3 b4 48. Kc2 Ke6 0-1

[Event "Gibraltar Challengers A 2020"]
[Site "Caleta"]
[Date "2020.01.24"]
[Round "5.20"]
[White "Manukonda Arun"]
[Black "Vinal Gutierrez, Pedro"]
[Result "1-0"]
[ECO "C66"]
[WhiteElo "1959"]
[BlackElo "2069"]
[Annotator "NA RC"]
[PlyCount "83"]
[EventDate "2020.01.20"]
[EventType "swiss"]
[EventCountry "GGB"]
[SourceTitle "playchess.com"]
[Source "ChessBase"]
[SourceQuality "1"]
[TimeControl "6600+10"]

1. e4 e5 2. Nf3 Nc6 3. Bb5 Nf6 4. O-O d6 5. Re1 Be7 6. c3 O-O 7. d4 exd4 8. cxd4 Bg4 9. Bxc6 {[%emt 0:01:18] C66: Ruy Lopez: Steinitz Defence} bxc6 10. Nc3 (10. h3 Bh5 11. Nbd2 h6 12. Nf1 Bg6 13. Ng3 Bh7 14. Qa4 Qe8 15. Nh4 d5 16. exd5 cxd5 {1-0 (60) Ribeiro,R (2200)-Roussel,S (2020) Avoine 2017}) 10... Rb8 11. h3 Bh5 12. Qd3 h6 13. Nh2 $146 (13. Nd2 $14) ({Predecessor:} 13. e5 Nd5 14. Qc4 Nb4 15. Rd1 d5 16. Qe2 Qc8 {0-1 (16) Zabala,F (2040)-Gomez Barrero,S (2050) Medellin 2011}) 13... d5 14. e5 Bg6 $2 {[%emt 0:00:16] [#]} (14... Nd7 $14) 15. exf6 $1 Bxd3 16. fxe7 Qd7 17. exf8=Q+ Rxf8 18. Bd2 Qd6 19. Na4 Rb8 20. b3 Qf6 21. Re5 Be4 22. Nc5 Qg6 23. Nxe4 dxe4 24. Rc1 Rd8 25. Be3 f5 26. Rec5 Rd6 27. Bf4 Rxd4 28. Rxc6 Qh5 29. Rxc7 Qe2 30. Rxa7 Rd1+ 31. Rxd1 Qxd1+ 32. Nf1 g5 33. Bd2 f4 34. b4 Qb1 $2 (34... e3 35. fxe3 f3) 35. a4 Qb2 36. b5 Qd4 37. Ra6 Kh7 38. b6 Qe5 39. a5 h5 40. b7 g4 41. Rb6 Qb8 {[%emt 0:00:17] [#]} 42. Bxf4 1-0

[Event "Gibraltar Challengers A 2020"]
[Site "Caleta"]
[Date "2020.01.24"]
[Round "5.21"]
[White "O`Neil, Jim"]
[Black "Kukic, Boris"]
[Result "1-0"]
[ECO "D31"]
[WhiteElo "1870"]
[BlackElo "2056"]
[Annotator "NA RC"]
[PlyCount "74"]
[EventDate "2020.01.20"]
[EventType "swiss"]
[EventCountry "GGB"]
[SourceTitle "playchess.com"]
[Source "ChessBase"]
[SourceQuality "1"]
[TimeControl "6600+10"]

1. d4 d5 2. c4 e6 3. Nc3 c6 4. cxd5 exd5 5. Bf4 Bf5 6. e3 Qb6 {[%emt 0:00:23] D31: Queen's Gambit Declined: Semi-Slav without ...Nf6 (+ Marshall Gambit and Noteboom) and Exchange Variation lines without ...Nf6} 7. Qb3 Nf6 8. Nf3 Nbd7 9. Be2 Nh5 10. Be5 Nhf6 $146 ({Predecessor:} 10... Nxe5 11. dxe5 g6 12. Nd4 Ng7 13. O-O-O Be7 14. g4 Be6 15. f4 f6 {0-1 (58) Salimifard,B (2167)-Kotanjian,T (2510) Hamedan 2017}) 11. O-O Qxb3 12. axb3 a6 13. Rfc1 Be7 14. Nh4 Be6 15. Nf3 O-O 16. Bd3 Ne8 17. Bg3 f6 18. Nh4 g6 19. f4 f5 20. Nf3 Nef6 21. Ng5 Bf7 22. Be1 h6 23. Nf3 Ne4 24. Ne5 Nxe5 25. fxe5 Be6 26. Ne2 g5 27. Nc3 Rf7 28. Na4 Raf8 29. b4 f4 30. exf4 Rxf4 31. Bc3 Nf2 32. Bc2 Ng4 33. Nc5 Bxc5 34. bxc5 Rf2 35. Bd3 Ne3 36. Bf1 Bg4 37. g3 (37. e6 $17 Bxe6 38. Rab1) 37... Be2 $17 1-0

[Event "Gibraltar Challengers A 2020"]
[Site "Caleta"]
[Date "2020.01.24"]
[Round "5.22"]
[White "Niharika Ch"]
[Black "Karlsson, Jorgen"]
[Result "1-0"]
[ECO "B06"]
[WhiteElo "1865"]
[BlackElo "2054"]
[Annotator "NA RC"]
[PlyCount "79"]
[EventDate "2020.01.20"]
[EventType "swiss"]
[EventCountry "GGB"]
[SourceTitle "playchess.com"]
[Source "ChessBase"]
[SourceQuality "1"]
[TimeControl "6600+10"]

1. e4 g6 2. d4 Bg7 3. Nf3 d6 4. h3 Nd7 5. Nc3 a6 (5... e5 6. Be3 Ngf6 7. Qd2 O-O 8. O-O-O Qe7 9. g4 exd4 10. Nxd4 Nxe4 11. Nxe4 Qxe4 12. Rg1 Nb6 13. Bg2 Qe8 {0-1 (31) Vovk,A (2633)-Gareyev,T (2617) chess.com INT 2017}) 6. a4 {[%emt 0:00:05] B06: Modern Defence} e6 7. Be3 Ne7 8. Qd2 h6 9. Bd3 b6 10. O-O g5 $146 ({Predecessor:} 10... Bb7 11. Rad1 Kf8 12. Nh2 Kg8 13. f4 f5 14. d5 fxe4 15. Bxe4 Bxc3 16. bxc3 Bxd5 {0-1 (40) Della Morte,G (2392)-Dolezal,C (2386) Buenos Aires 2014}) 11. Nh2 e5 12. dxe5 dxe5 13. Bc4 O-O 14. h4 gxh4 (14... Nc5 $16 {might work better.}) 15. Bxh6 Ng6 16. Rad1 (16. Bxg7 Kxg7 17. Rfd1 (17. Ng4 Nf4 $14) 17... Nf4 $16) 16... Qf6 17. Bg5 Qd6 18. Qxd6 cxd6 19. Rxd6 Kh7 20. Nf3 h3 21. g3 Rb8 22. Be3 Bh6 23. Bxh6 Kxh6 24. Rfd1 b5 25. axb5 Nb6 26. Nxe5 Nxc4 27. Nxc4 axb5 28. Nb6 f5 $2 (28... Re8 {was called for.} 29. Nxc8 b4) 29. Ncd5 Kg7 30. Nxc8 Rbxc8 31. exf5 Rxf5 32. Rxg6+ Kxg6 33. Ne7+ {[%emt 0:00:06] Double Attack} Kg5 34. Nxc8 Rc5 35. c3 Rxc8 36. Rd5+ Kg4 37. Rxb5 Ra8 38. Kh2 Ra2 39. Rb4+ $18 Kf3 40. Rf4+ 1-0

[Event "Gibraltar Challengers A 2020"]
[Site "Caleta"]
[Date "2020.01.24"]
[Round "5.23"]
[White "Erdogan, Hassan"]
[Black "Martinez Lopez, Jaume"]
[Result "0-1"]
[ECO "A41"]
[WhiteElo "1830"]
[BlackElo "2042"]
[Annotator "NA RC"]
[PlyCount "80"]
[EventDate "2020.01.20"]
[EventType "swiss"]
[EventCountry "GGB"]
[SourceTitle "playchess.com"]
[Source "ChessBase"]
[SourceQuality "1"]
[TimeControl "6600+10"]

1. d4 d6 2. Nf3 Bg4 3. e3 Nf6 4. Bd3 (4. Be2 Nbd7 5. c4 e5 6. Nc3 c6 7. O-O Be7 8. h3 Bh5 9. b3 O-O 10. Bb2 e4 11. Nh2 Bxe2 12. Qxe2 d5 13. Rac1 a6 14. Ng4 Re8 15. Rc2 Bd6 16. Nxf6+ {½-½ (16) Mamedyarov,S (2817)-Petrosian,T (2598) St Petersburg 2018}) 4... e6 5. Nbd2 Be7 6. O-O {[%emt 0:02:37] A41: 1 d4 d6: Tartakower System and Modern Defence} d5 7. c3 $146 ({Predecessor:} 7. c4 c6 8. Qb3 Qc7 9. c5 Nbd7 10. Qc3 b6 11. b4 a5 12. a3 {0-1 (58) Dietzel,U (1739)-Krajewski,W (2131) Berlin 2009}) 7... c5 8. b3 O-O 9. Qc2 Bh5 10. Ne5 Nc6 11. Nxc6 bxc6 12. Bb2 a5 13. c4 cxd4 14. Bxd4 Bg6 15. Bxg6 hxg6 16. c5 Nd7 17. f4 Bf6 18. a3 Qc7 19. Bxf6 gxf6 20. e4 Rfb8 21. Rf3 (21. a4 $17) 21... Rb5 22. Rc3 Qxf4 23. exd5 (23. Rf1 $142 Qh6 24. exd5 exd5 25. Re1) 23... exd5 24. Nf3 Re8 {[%emt 0:15:00] Decoy} 25. g3 (25. Qc1 $142 Qxc1+ 26. Raxc1) 25... Qg4 26. Qf2 Re4 27. Rd1 d4 28. Rcd3 Nxc5 29. Rxd4 Nxb3 30. Rd8+ Kg7 31. Ra8 Rd5 (31... Rf5 $142 32. h3 Qxf3 33. Qxf3 Rxf3) 32. Rxd5 (32. Rf1 {was the only defense.}) 32... cxd5 33. Ra6 Re6 34. Rxe6 Qxe6 35. Kg2 Qe4 36. h3 d4 37. Kh2 d3 38. g4 Qf4+ 39. Kg1 $19 d2 40. Qe2 Qg3+ 0-1

[Event "Gibraltar Challengers A 2020"]
[Site "Caleta"]
[Date "2020.01.24"]
[Round "5.24"]
[White "Lung, Liviu-Catalin"]
[Black "Hng, Mei-Xian Eunice"]
[Result "1-0"]
[ECO "B43"]
[WhiteElo "2041"]
[BlackElo "1661"]
[Annotator "NA RC"]
[PlyCount "36"]
[EventDate "2020.01.20"]
[EventType "swiss"]
[EventCountry "GGB"]
[SourceTitle "playchess.com"]
[Source "ChessBase"]
[SourceQuality "1"]
[TimeControl "6600+10"]

1. e4 c5 2. Nf3 e6 3. d4 cxd4 4. Nxd4 a6 5. Nc3 Qc7 6. g3 Nf6 7. Bg2 Be7 8. O-O O-O 9. g4 h6 10. h4 d5 11. exd5 exd5 12. g5 Ng4 13. Nf3 Be6 14. Nxd5 Bxd5 15. Qxd5 Qxc2 16. Ne5 Nxf2 17. Be3 Nd3 18. Nxd3 $18 (18. Rxf7 $142 Nxe5 19. Rxf8+ Kxf8 20. Rf1+ Ke8 21. Qg8+ {[%mdl 64] Double Attack} Kd7 22. Bh3+ Kc6 23. Qc8+ Kb5 24. Qxb7+ Ka4 25. Qxe7) 18... Qc4 1-0

[Event "Gibraltar Challengers A 2020"]
[Site "Caleta"]
[Date "2020.01.24"]
[Round "5.26"]
[White "Huguet, Sergio"]
[Black "Burke, Mitchell R"]
[Result "0-1"]
[ECO "A21"]
[WhiteElo "2055"]
[BlackElo "2001"]
[Annotator "NA RC"]
[PlyCount "110"]
[EventDate "2020.01.20"]
[EventType "swiss"]
[EventCountry "GGB"]
[SourceTitle "playchess.com"]
[Source "ChessBase"]
[SourceQuality "1"]
[TimeControl "6600+10"]

1. c4 g6 2. g3 Bg7 3. Bg2 d6 4. Nc3 e5 5. e4 Ne7 6. Nge2 O-O 7. O-O Nd7 8. d3 f5 {[%emt 0:00:09] A21: English Opening: 1...e5 2 Nc3} 9. b4 (9. Be3 Nf6 10. h3 Be6 11. Nd5 c6 12. Nxf6+ Rxf6 13. b3 Rf7 14. Qd2 d5 15. exd5 cxd5 16. Bg5 {½-½ (46) Gurevich,M (2633)-Milov,V (2638) Bastia 2006}) 9... Nf6 ({Better is} 9... a5 $15 10. b5 Nc5) 10. f3 $146 ({Predecessor:} 10. Rb1 Nh5 11. exf5 gxf5 12. f4 exf4 13. gxf4 Ng6 14. d4 {1-0 (26) Turek,M-Dziadon,P Werynia 1997}) 10... c6 11. Bg5 Qb6+ 12. Kh1 Qxb4 13. Rb1 Qa5 14. Qd2 Qc7 15. d4 fxe4 16. fxe4 Bg4 17. d5 a6 18. h3 Bxe2 19. Nxe2 Rac8 20. Qb4 cxd5 21. cxd5 b5 22. Rbc1 Qd7 23. Qa5 Qb7 24. Rxc8 Nxc8 25. Rc1 Nd7 26. Rc7 Qb6 27. Qc3 Nc5 28. Rc6 b4 29. Qc4 Qb5 30. Qxb5 axb5 31. Be3 b3 32. axb3 Nxb3 33. h4 Nd4 34. Nxd4 exd4 35. Bf4 Be5 36. Bh6 Re8 37. Bh3 Ne7 38. Rc7 {[%emt 0:00:29] [#]} Kh8 $1 ({But not} 38... Bxg3 $2 39. Bd7 $18) 39. Bd7 Rb8 40. Bf4 Bxf4 41. gxf4 b4 42. Ba4 $2 (42. Kg2 {was necessary.} b3 43. Rc1) 42... b3 43. Rc1 d3 44. Kg2 Rb4 45. Bd7 h5 46. Kf3 d2 47. Rb1 Rd4 48. Ke2 b2 $19 {[%emt 0:01:39] Promotion} 49. Kd1 Rxe4 50. Rxb2 Nxd5 51. Rxd2 Ne3+ 52. Kc1 d5 53. Kb1 Rxf4 54. Bc6 d4 55. Rh2 Nf5 0-1

[Event "Gibraltar Challengers A 2020"]
[Site "Caleta"]
[Date "2020.01.24"]
[Round "5.27"]
[White "Bujakevich, Aleksandr"]
[Black "Garcia-Blazquez Perez, Manuel"]
[Result "1-0"]
[ECO "B22"]
[WhiteElo "2014"]
[BlackElo "1825"]
[Annotator "NA RC"]
[PlyCount "93"]
[EventDate "2020.01.20"]
[EventType "swiss"]
[EventCountry "GGB"]
[SourceTitle "playchess.com"]
[Source "ChessBase"]
[SourceQuality "1"]
[TimeControl "6600+10"]

1. e4 c5 2. c3 d5 3. exd5 Qxd5 4. d4 cxd4 5. cxd4 e5 6. dxe5 Qxd1+ {[%emt 0:00:05] B22: Sicilian: 2 c3} 7. Kxd1 Nc6 8. Bb5 (8. Nf3 Bg4 9. Be2 O-O-O+ 10. Bd2 Bxf3 11. gxf3 Nxe5 12. Kc2 Bc5 13. Be3 Bxe3 14. fxe3 Ne7 15. f4 N5c6 16. Nc3 Nb4+ 17. Kb3 Nbd5 18. Bg4+ Kb8 19. Rhe1 f5 20. Bf3 Nxc3 21. Kxc3 Rd6 {½-½ (21) Jerez Perez,A (2397)-Munoz Pantoja,M (2452) Mollet del Valles 2016}) 8... Bg4+ 9. f3 O-O-O+ 10. Bd2 Nd4 11. Bc4 $146 ({White should play} 11. fxg4 $14 Nxb5 12. Nf3) ({Predecessor:} 11. Nc3 Be6 12. Nge2 Nf5 13. Nf4 Bc5 14. Nxe6 fxe6 {0-1 (26) Wurzer,G (1845)-Pilz,D (2250) Wattens 1997}) 11... Be6 ({Better is} 11... Bf5 $1 $15 12. Na3 Kb8) 12. Bxe6+ fxe6 (12... Nxe6 $11 13. Ne2 Ne7) 13. Nc3 Ne7 14. Nge2 Nec6 15. Nxd4 Rxd4 16. Re1 Be7 17. f4 Rhd8 18. Re2 Rxf4 19. Rc1 Rf1+ 20. Re1 Rxe1+ 21. Kxe1 Kd7 22. Bf4 g5 23. Rd1+ Ke8 24. Rxd8+ Bxd8 25. Bg3 Bc7 26. Ne4 Kf7 27. Nxg5+ Kg6 28. Nxe6 Bxe5 29. Bxe5 Nxe5 30. Ke2 Kf5 31. Nc5 b6 32. Nd3 Ng4 33. h3 Nf6 34. Kf3 h5 35. g3 a5 36. Nf4 Ke5 37. Ke3 b5 38. a3 a4 {[%emt 0:00:26] [#]} 39. Kd3 $1 Kf5 {[%emt 0:00:39] [#]} 40. Nxh5 $1 Ne4 41. Kd4 Nf2 42. Nf4 Nd1 43. Nd3 b4 44. axb4 Nxb2 45. Nxb2 a3 46. Nc4 a2 47. Ne3+ 1-0

[Event "Gibraltar Challengers A 2020"]
[Site "Caleta"]
[Date "2020.01.24"]
[Round "5.28"]
[White "Hladik, Lumir"]
[Black "Paul, Nathanael"]
[Result "1/2-1/2"]
[ECO "B19"]
[WhiteElo "2018"]
[BlackElo "1987"]
[Annotator "NA RC"]
[PlyCount "236"]
[EventDate "2020.01.20"]
[EventType "swiss"]
[EventCountry "GGB"]
[SourceTitle "playchess.com"]
[Source "ChessBase"]
[SourceQuality "1"]
[TimeControl "6600+10"]

1. e4 c6 2. d4 d5 3. Nc3 dxe4 4. Nxe4 Bf5 5. Ng3 Bg6 6. Nf3 Nd7 7. h4 h6 8. h5 Bh7 9. Bd3 Bxd3 10. Qxd3 ({Of course not} 10. cxd3 Ngf6 $15) 10... e6 11. Bd2 Ngf6 12. O-O-O Be7 13. c4 {[%emt 0:03:35] B19: Classical Caro-Kann: 4...Bf5 main line} O-O 14. Kb1 b5 {[%emt 0:01:02] [#]} 15. Bc1 $146 ({Predecessor:} 15. cxb5 $11 Qb6 (15... cxb5 16. Qxb5 a5 17. Ne5 Nxe5 18. dxe5 Nd5 19. Ne2 Rb8 20. Qc6 Ba3 {0-1 (31) Ganguly,S (2603)-Jakovenko,D (2737) Motril 2008}) 16. bxc6 Qxc6 17. Rc1) 15... bxc4 16. Qxc4 Nb6 17. Qc2 Qd5 ({Better is} 17... Nbd5 $17) 18. Rhe1 Bd6 19. Ne5 Rfc8 {[%emt 0:00:10] [#]} 20. Nxf7 $2 (20. Bxh6 $1 $16 {[%mdl 512] keeps the pressure on.} gxh6 {[#]} 21. Nxf7 $1 {[%mdl 576] Remove Defender, Decoy} Kxf7 22. Qg6+ {[%mdl 64] Double Attack} Ke7 23. Nf5+ {[%mdl 64] Double Attack} Kd8 24. Qxf6+ {[%mdl 64] Double Attack} (24. Nxd6 Qxd6 25. Qxf6+ {[%mdl 64] Double Attack} Kd7 $11) 24... Kc7 25. Nxd6 (25. Nxh6 Rf8 $17) (25. Qxe6 Rg8 $11) 25... Qxd6 26. Rxe6) 20... Kxf7 21. Qg6+ Kg8 22. Bxh6 Bf8 23. Bxg7 Bxg7 24. h6 Qd7 25. Rxe6 Qf7 26. Qxg7+ Qxg7 27. hxg7 Kxg7 28. Rc1 Nbd5 29. Rexc6 Rxc6 30. Rxc6 Re8 31. a3 Kg6 32. Ra6 Re1+ 33. Ka2 Rg1 34. Ne4 Rxg2 35. Nxf6 Nxf6 36. Rxa7 Rxf2 37. Rc7 Kf5 38. Re7 Rd2 39. Re5+ Kf4 40. Re1 Rxd4 41. Rf1+ Ke5 42. Rf2 Ne4 43. Rh2 Kd5 44. Rc2 Rd1 45. a4 Nc5 46. a5 Rd4 47. b3 Rb4 48. Rc3 Rb5 49. Ka3 Rxa5+ 50. Kb4 Nb7 51. Rc7 Ra7 $1 52. Rd7+ Kc6 53. Rd1 Ra2 54. Rc1+ Kb6 55. Rh1 Rg2 56. Rh6+ Kc7 57. Rh7+ Kc6 58. Rh4 Nd6 59. Rf4 Ne8 60. Rc4+ Kb6 61. Rh4 Nc7 62. Rh6+ Kb7 63. Rh4 Rg3 64. Rd4 Na6+ 65. Kc4 Nb8 66. Rh4 Kb6 67. Rf4 Nc6 68. b4 Rg1 69. Rf6 Rg4+ 70. Kc3 Kb5 71. Rf5+ Ka4 $1 72. b5 Na5 73. b6 Rg6 74. Rf4+ Kb5 75. Rb4+ Kc6 76. Rb1 Kb7 77. Kd4 Rg5 78. Rb2 Nc6+ 79. Kc4 Ne7 80. Kd4 Nc8 81. Rb1 Nxb6 82. Rb2 Kc6 83. Rc2+ Kd6 84. Rb2 Rg4+ 85. Kd3 Kc5 86. Rc2+ Kd5 87. Rh2 Rg3+ 88. Kc2 Nc4 89. Rh5+ Kd4 90. Rh4+ {[%emt 0:00:09] [#]} Kc5 $1 91. Rh2 Kb4 92. Rf2 Ra3 93. Rf8 Rc3+ 94. Kd1 Rh3 95. Kc2 Nb6 96. Rb8 Kc5 97. Rg8 Nd5 98. Kd2 Nf4 99. Rd8 Nd5 ({Better is} 99... Rf3 $15) 100. Rg8 $1 Nc3 101. Rg5+ Kd4 102. Rg2 Rh4 103. Kc2 Kc4 104. Rd2 Nd5 105. Rf2 Rd4 106. Kb2 Kb4 107. Rh2 Ne3 108. Re2 Rd3 109. Rh2 Rc3 110. Rh8 Rc2+ 111. Kb1 Rg2 112. Rh3 Nd5 113. Kc1 Nc3 114. Rh8 Kb3 115. Rb8+ Kc4 116. Rb4+ Kd3 117. Rd4+ Ke3 118. Rd3+ Kxd3 1/2-1/2

[Event "Gibraltar Challengers A 2020"]
[Site "Caleta"]
[Date "2020.01.24"]
[Round "5.29"]
[White "Skutta, Bernd"]
[Black "Kaplan, Amiram"]
[Result "0-1"]
[ECO "A80"]
[WhiteElo "1998"]
[BlackElo "1880"]
[Annotator "NA RC"]
[PlyCount "60"]
[EventDate "2020.01.20"]
[EventType "swiss"]
[EventCountry "GGB"]
[SourceTitle "playchess.com"]
[Source "ChessBase"]
[SourceQuality "1"]
[TimeControl "6600+10"]

1. d4 f5 2. Bg5 c6 3. Nc3 d5 4. Nf3 g6 5. h4 Nf6 6. h5 Nxh5 7. Rxh5 gxh5 8. Ne5 Nd7 9. e4 Nxe5 10. dxe5 Qc7 11. Qxh5+ Kd8 12. O-O-O Qxe5 {[%emt 0:06:00] [#]} 13. Nxd5 $1 Bd7 14. Bf4 Qxe4 15. f3 Qa4 16. Be5 cxd5 17. Rxd5 Rc8 18. b3 Qc6 19. Bc4 Bh6+ 20. Kb2 Rf8 21. g4 fxg4 22. fxg4 a6 23. g5 Rf5 ({Less strong is} 23... b5 24. gxh6 bxc4 25. Bc3 $19) 24. Qxh6 Qxh6 25. gxh6 e6 26. Ra5 b5 27. Bd3 Rxe5 28. Rxa6 Rh5 29. Bxh7 Rxh6 30. Bd3 Rb8 $19 0-1